AoeStats
← kimbo

Arabia

509344878Analyzed
2v2 RM · 6d ago on Sep 26, 2026· 48m 59s· 4 players
Game mode
Random Map
Map size
Medium (4 player)
Population
200
Speed
Normal
Resources
Standard
Victory
Conquest
Starting age
Dark Age
Ending age
Imperial Age
RankedLock teamsTeams togetherTeam positionsShared explorationLock speedFull tech treeHidden civsTurbo modeCheats
Victory
Defeat
🇦🇷 Maya · Argentina
1338
+18
🇦🇷 Persians · Argentina
1323
+18
🇫🇷 Ethiopians · France
1376
-18
🇫🇷 Khmer · France
1371
-18
Pingocho
8:16 Feudal Age
8:28 Loom
8:53 Double-Bit Axe
16:01 Scale Barding Armor
20:23 Castle Age
19:18 Bloodlines
19:23 Forging
20:04 Horse Collar
20:16 Gold Mining
21:13 Chain Barding Armor
23:12 Husbandry
24:15 Bow Saw
24:17 Squires
25:17 Gold Shaft Mining
24:18 Pikeman
25:52 Scale Mail Armor
29:33 Wheelbarrow
30:47 Iron Casting
32:05 Heavy Plow
32:26 Chain Mail Armor
38:55 Imperial Age
36:59 Hand Cart
38:30 Stone Mining
39:49 Plate Barding Armor
38:35 Cavalier
41:27 Blast Furnace
40:02 Savar
42:10 Light Cavalry
43:32 Hussar
44:42 Fletching
45:46 Conscription
45:21 Halberdier
48:31 Bodkin Arrow
kimbo
0:25 Loom
8:58 Feudal Age
13:09 Fletching
19:03 Double-Bit Axe
25:08 Castle Age
24:30 Horse Collar
25:05 Gold Mining
25:20 Crossbowman
26:05 Bodkin Arrow
26:52 Bow Saw
28:36 Ballistics
32:25 Padded Archer Armor
41:39 Leather Archer Armor
49:10 Wheelbarrow
Clement9083
6:23 Loom
9:11 Feudal Age
10:03 Double-Bit Axe
10:05 Horse Collar
19:07 Wheelbarrow
21:47 Castle Age
20:53 Scale Barding Armor
21:13 Bloodlines
21:47 Light Cavalry
22:30 Husbandry
23:01 Chain Barding Armor
24:34 Forging
25:40 Bow Saw
28:40 Heavy Plow
30:51 Fletching
32:10 Bodkin Arrow
38:15 Town Watch
46:14 Imperial Age
jo8313
8:30 Feudal Age
9:03 Double-Bit Axe
11:10 Loom
16:11 Fletching
16:49 Padded Archer Armor
22:52 Castle Age
23:23 Gold Mining
23:51 Bodkin Arrow
24:49 Gold Shaft Mining
26:40 Crossbowman
27:36 Leather Archer Armor
28:07 Ballistics
36:02 Town Watch
38:27 Wheelbarrow
38:43 Horse Collar
40:29 Thumb Ring
41:06 Bow Saw
41:27 Heavy Plow
44:54 Stone Mining
48:30 Imperial Age
46:01 Murder Holes
49:14 Bracer
49:45 Ring Archer Armor
Connection lost

Rejoining the realm…

Still unreachable

The connection could not be restored.

Session expired

The server has moved on; the page needs a fresh start.